 Dungeon Crawl Stone Soup version 0.29.0-15-g675c0067aa (webtiles) character file.

Game seed: 8292582190637479342

44863 qw the Severer (level 13, -5/128 HPs)
             Began as a Minotaur Berserker on Sept 12, 2022.
             Was an Elder of Trog.
             Slain by a death yak (6 damage)
             ... while petrified
             ... on level 5 of the Lair of Beasts.
             The game lasted 00:06:50 (19231 turns).

qw the Severer (Minotaur Berserker)                Turns: 19231, Time: 00:06:50

Health: -5/128     AC: 17    Str: 31    XL:     13   Next: 98%
Magic:  12/12      EV:  2    Int:  4    God:    Trog [****..]
Gold:   659        SH:  0    Dex: 10    Spells: 12/12 levels left

rFire   x . .      SeeInvis .   Y - +3 broad axe
rCold   . . .      Faith    .   (no shield)
rNeg    + + +      Spirit   .   m - +0 plate armour
rPois   inf        Reflect  .   (helmet restricted)
rElec   .          Harm     .   t - scarf {repulsion}
rCorr   .          Rampage  .   (no gloves)
Will    +....                   n - +0 pair of boots
Stlth   ..........              (no amulet)
HPRegen 0.31/turn               c - +4 ring of slaying {mikee}
MPRegen 0.13/turn               e - ring "Pepnex" {rPois rF- rN+ Will+ Str+4}

@: petrified, on berserk cooldown, slowed, repel missiles
A: horns 2, retaliatory headbutt
a: Renounce Religion, Berserk, Trog's Hand, Brothers in Arms


You were on level 5 of the Lair of Beasts.
You worshipped Trog.
Trog was greatly pleased with you.
You visited 2 branches of the dungeon, and saw 14 of its levels.
You also visited: Sewer.

You collected 1041 gold pieces.
You spent 382 gold pieces at shops.


Innate Abilities, Weirdness & Mutations

You have a pair of horns on your head.
You reflexively headbutt those who attack you in melee.


   Skills:
 + Level 16.1 Fighting
 - Level 18.0 Axes
 - Level 7.0 Throwing
 - Level 13.0 Armour
 - Level 7.2 Dodging


You had 12 spell levels left.
You didn't know any spells.
Your spell library was empty.

Inventory:

Hand Weapons
 f - a +0 flail of protection
 Y - a +3 broad axe (weapon)
Missiles
 g - 3 javelins (quivered)
Armour
 m - a +0 plate armour (worn)
 n - a +0 pair of boots (worn)
 s - a +1 cloak of poison resistance
 t - a scarf of repulsion (worn)
Jewellery
 c - a +4 ring of slaying (left hand) {mikee}
 e - the ring "Pepnex" (right hand) {rPois rF- rN+ Will+ Str+4}
   (You acquired it on level 4 of the Dungeon)

   [ring of willpower]

   Str:       It affects your strength (+4).
   rF:        It makes you vulnerable to fire.
   rPois:     It protects you from poison.
   rN:        It protects you from negative energy.
   Will:      It increases your willpower.
 v - a +4 ring of protection
Wands
 o - a wand of digging (5)
Scrolls
 l - 9 scrolls of teleportation
 r - 9 scrolls of identify
Potions
 a - a potion of ambrosia {unknown}
 b - a potion of mutation
 d - 7 potions of curing
 i - a potion of resistance
 j - a potion of heal wounds
 p - 3 potions of haste

Dungeon Overview and Level Annotations

Branches:
Dungeon (9/15)             Temple (0/1) D:7            Lair (5/5) D:9
 Shoals (0/4) Lair:2       Spider (0/4) Lair:2        Slime (0/5) Lair:4
    Orc (0/2) D:9           Sewer (visited)

Altars:
Ashenzari
Dithmenos
Gozag
Nemelex Xobeh
Okawaru
Uskayaw
Wu Jian
Xom
Zin
Jiyva

Shops:
D:3 =   D:6 *   D:9 (

Annotations:
D:3 3 runed translucent doors, qw's ghost, amateur GrFi
D:6 5 runed translucent doors, qw's ghost, amateur GrFi
D:7 3 runed translucent doors, qw's ghost, novice MiBe
Lair:4 2 runed translucent doors, qw's ghost, journeyman MiFi
Lair:5 1 runed translucent door


Message History

The death yak gores the plant!!
The catoblepas gores you!
You are no longer berserk.
You feel yourself slow down.
The death yak gores you but does no damage.
The death yak gores the plant!
The catoblepas gores you!!
A nearby plant withers and dies.
The death yak gores you.
The catoblepas breathes a plume of calcifying dust at you.
The blast of calcifying dust hits you but does no damage.
You are engulfed in calcifying dust.
The death yak gores you.
The catoblepas breathes a plume of calcifying dust at you.
The blast of calcifying dust hits you but does no damage.
You turn to flesh and can move again.
You slash the catoblepas!
The catoblepas is severely wounded.
You completely miss the death yak.
You are engulfed in calcifying dust.
The death yak gores you but does no damage.
The catoblepas breathes a plume of calcifying dust at you.
The blast of calcifying dust hits you!
You slash the catoblepas! You headbutt the catoblepas!
You kill the catoblepas!
Trog accepts your kill.
You slash the death yak!
You are engulfed in calcifying dust.
You are slowing down.
The death yak gores you but does no damage.
You hit the death yak but do no damage. You headbutt the death yak.
The death yak is moderately wounded.
You hit the death yak but do no damage.
You are engulfed in calcifying dust.
Your limbs have turned to stone.
The death yak is no longer petrified.
The death yak gores you but does no damage.
The death yak gores you! x3; You have turned to stone.
The death yak gores you but does no damage. x3
The death yak gores you! The death yak gores you! The death yak gores you!! x3
The death yak gores you! The death yak gores you!!
The death yak gores you but does no damage. x2
The death yak gores you. The death yak gores you!
You die...

# #.#
########...##
###.....@YY.P.#
##..P...##Y.P.P#
##P.....##
Y...## #P....###
.%#.# ##...###
..# .# ##....#
..# .# ##..%.##
... . #.....#
... #.....#


You could see 4 death yaks.

Vanquished Creatures
  Fannar (Lair:3)
  2 hydras
  A catoblepas (Lair:5)
  2 two-headed ogres (D:8)
  Urug (Lair:3)
  2 death yaks (Lair:5)
  Pikel (D:5)
  An oklob plant (Lair:5)
  4 black mambas
  34 elephants
  11 cane toads
  A gargoyle (D:8)
  A torpor snail (Lair:3)
  2 komodo dragons
  2 rime drakes
  2 polar bears
  A hornet (Lair:3)
  12 blink frogs
  7 dream sheep (Lair:5)
  2 culicivoras (Lair:2)
  28 yaks
  4 wyverns
  2 steam dragons (D:8)
  3 basilisks
  Menkaure (D:5)
  3 vampire mosquitoes
  2 wargs (D:9)
  Edmund (D:6)
  19 water moccasins
  2 hell hounds (Lair:1)
  Duvessa (D:5)
  4 orc warriors
  An ogre (D:6)
  5 centaurs
  33 wolves
  2 lemures (D:5)
  3 phantoms
  3 kobold brigands (D:8)
  Blork the orc (D:5)
  12 bullfrogs
  A gnoll sergeant (D:9)
  2 scorpions
  2 necrophages
  Dowan (D:5)
  2 wights (D:8)
  6 howler monkeys
  An electric eel (Lair:1)
  5 hounds
  3 jellies
  5 orc priests
  A gnoll bouda (D:8)
  5 iguanas
  Ijyb (D:5)
  Terence (D:2)
  8 orc wizards
  6 hell rats (Lair:2)
  A mummy (D:5)
  Robin (D:3)
  26 gnolls
  9 adders
  A shadow imp (D:8)
  3 white imps
  An ufetubus (D:4)
  2 worms
  12 dart slugs
  32 orcs
  12 endoplasms
  11 giant cockroaches
  16 goblins
  6 hobgoblins
  10 jackals
  25 kobolds
  12 quokkas
  21 ball pythons
  3 bats
  11 frilled lizards
  3 rats
  A bush (Lair:3)
489 creatures vanquished.

Vanquished Creatures (collateral kills)
  2 hydras
  3 wolves (Lair:2)
5 creatures vanquished.

Vanquished Creatures (others)
  A shadow imp (D:8)
  52 fungi
  81 plants
134 creatures vanquished.

Grand Total: 628 creatures vanquished

Notes
Turn   | Place    | Note
-------+----------+-------------------------------------------
     0 | D:1      | qw the Minotaur Berserker began the quest for the Orb.
     0 | D:1      | Reached XP level 1. HP: 19/19 MP: 0/0
     0 | D:1      | 0 ||| qw: Version: 0.1-a-119-g272c26d
     0 | D:1      | 0 ||| qw: Game counter: 10881
     0 | D:1      | 0 ||| qw: Always use a shield: true
     0 | D:1      | 0 ||| qw: Do Orc after D:15 true
     0 | D:1      | 0 ||| qw: Do second Lair branch before Depths: true
     0 | D:1      | 0 ||| qw: Lair rune preference: random
     0 | D:1      | 0 ||| qw: Plans: Normal
     0 | D:1      | 0 ||| PLANNING D:1-11
    36 | D:1      | Found a faded altar of an unknown god.
   184 | D:1      | Reached skill level 4 in Axes
   277 | D:1      | Reached XP level 2. HP: 26/26 MP: 1/1
   405 | D:1      | 405 ||| Stepping ~*~*~tactically~*~*~ (stealth).
   864 | D:1      | 864 ||| UPGRADING to +0 chain mail.
   874 | D:1      | 874 ||| DROPPING +0 animal skin.
   875 | D:1      | 875 ||| UPGRADING to +4 ring of slaying {mikee}.
   876 | D:1      | 876 ||| READING scroll labelled ATYALAO FAFUUT.
  1026 | D:1      | 1026 ||| READING scroll labelled TAOPSI ASUAD.
  1031 | D:1      | 1031 ||| READING scroll labelled RAFARH AFUMO.
  1032 | D:1      | 1032 ||| DRINKING 2 blue potions.
  1033 | D:1      | 1033 ||| DROPPING potion of flight.
  1049 | D:2      | Noticed Terence
  1055 | D:2      | 1055 ||| INVOKING Berserk.
  1058 | D:2      | Killed Terence
  1059 | D:2      | Reached skill level 5 in Axes
  1059 | D:2      | Reached XP level 3. HP: 31/31 MP: 2/2
  1066 | D:2      | 1066 ||| STAIRDANCE
  1190 | D:2      | 1190 ||| DROPPING +0 club.
  1228 | D:2      | 1228 ||| INVOKING Berserk.
  1235 | D:2      | 1235 ||| STAIRDANCE
  1345 | D:2      | 1345 ||| Stepping ~*~*~tactically~*~*~ (hiding).
  1365 | D:2      | 1365 ||| Stepping ~*~*~tactically~*~*~ (stealth).
  1371 | D:2      | 1371 ||| Stepping ~*~*~tactically~*~*~ (stealth).
  1391 | D:2      | 1391 ||| Stepping ~*~*~tactically~*~*~ (stealth).
  1465 | D:2      | 1465 ||| Stepping ~*~*~tactically~*~*~ (stealth).
  1466 | D:2      | 1466 ||| Stepping ~*~*~tactically~*~*~ (stealth).
  1468 | D:2      | Reached ** piety under Trog
  1540 | D:2      | Reached skill level 6 in Axes
  1540 | D:2      | Reached XP level 4. HP: 39/39 MP: 3/3
  1656 | D:2      | 1656 ||| DRINKING 2 clear potions.
  1657 | D:2      | 1657 ||| DROPPING potion of degeneration.
  1691 | D:3      | 1691 ||| Stepping ~*~*~tactically~*~*~ (stealth).
  1692 | D:3      | 1692 ||| Stepping ~*~*~tactically~*~*~ (stealth).
  1784 | D:3      | 1784 ||| Stepping ~*~*~tactically~*~*~ (hiding).
  1787 | D:3      | 1787 ||| INVOKING Berserk.
  1924 | D:3      | 1924 ||| DROPPING +0 mace.
  1994 | D:3      | 1994 ||| INVOKING Berserk.
  1998 | D:3      | Reached skill level 7 in Axes
  1998 | D:3      | Reached XP level 5. HP: 45/45 MP: 4/4
  2147 | D:3      | Found a runed translucent gate.
  2147 | D:3      | Found a runed translucent gate.
  2147 | D:3      | Found a runed translucent gate.
  2152 | D:3      | Noticed qw's ghost (amateur GrFi)
  2192 | D:3      | 2192 ||| FLEEEEING.
  2193 | D:3      | 2193 ||| FLEEEEING.
  2291 | D:3      | HP: 10/46 [dart slug/slug dart (6)]
  2292 | D:3      | 2292 ||| READING 3 scrolls of teleportation.
  2359 | D:3      | 2359 ||| FLEEEEING.
  2360 | D:3      | 2360 ||| FLEEEEING.
  2361 | D:3      | 2361 ||| FLEEEEING.
  2366 | D:3      | 2366 ||| INVOKING Berserk.
  2571 | D:3      | 2571 ||| STAIRDANCE
  2601 | D:2      | 2601 ||| READING scroll labelled LIEKIP MOGGYRA.
  2610 | D:3      | 2610 ||| FLEEEEING.
  2611 | D:3      | 2611 ||| FLEEEEING.
  2612 | D:3      | 2612 ||| FLEEEEING.
  2648 | D:3      | 2648 ||| FLEEEEING.
  2649 | D:3      | 2649 ||| FLEEEEING.
  2650 | D:3      | 2650 ||| STAIRDANCE
  2696 | D:3      | 2696 ||| FLEEEEING.
  2697 | D:3      | 2697 ||| STAIRDANCE
  2791 | D:3      | Found a glowing silver altar of Zin.
  2962 | D:3      | 2962 ||| Stepping ~*~*~tactically~*~*~ (hiding).
  2963 | D:3      | 2963 ||| Stepping ~*~*~tactically~*~*~ (hiding).
  2964 | D:3      | 2964 ||| Stepping ~*~*~tactically~*~*~ (hiding).
  2993 | D:3      | Found Toawot's Jewellery Shoppe.
  3001 | D:3      | 3001 ||| SHOPLISTING +4 ring of slaying (858 gold, have
                  | 217).
  3001 | D:3      | 3001 ||| SHOPLISTING +6 ring of strength (396 gold, have
                  | 217).
  3001 | D:3      | 3001 ||| SHOPLISTING amulet of regeneration (330 gold, have
                  | 217).
  3001 | D:3      | 3001 ||| SHOPLISTING ring "Wyetepn" {rPois rF+ Str+4 Dex+2
                  | SInv} (583 gold, have 217).
  3001 | D:3      | 3001 ||| SHOPLISTING ring of Heath {Will+ rCorr Str+5
                  | Stlth-} (458 gold, have 217).
  3001 | D:3      | 3001 ||| SHOPLISTING ring of protection from cold (275
                  | gold, have 217).
  3001 | D:3      | 3001 ||| SHOPLISTING ring of protection from fire (275
                  | gold, have 217).
  3128 | D:3      | 3128 ||| READING 4 scrolls labelled YMEOSHEUSI.
  3129 | D:3      | 3129 ||| DRINKING 2 smoky yellow potions.
  3130 | D:3      | 3130 ||| DRINKING 2 white potions.
  3131 | D:3      | 3131 ||| DROPPING potion of attraction.
  3132 | D:3      | 3132 ||| DROPPING 3 scrolls of fear.
  3150 | D:4      | Noticed Robin
  3151 | D:4      | 3151 ||| STAIRDANCE
  3153 | D:3      | 3153 ||| INVOKING Berserk.
  3155 | D:3      | Killed Robin
  3295 | D:4      | 3295 ||| STAIRDANCE
  3351 | D:4      | 3351 ||| STAIRDANCE
  3389 | D:4      | 3389 ||| STAIRDANCE
  3549 | D:4      | Reached *** piety under Trog
  3586 | D:4      | Noticed a water moccasin
  3588 | D:4      | 3588 ||| Stepping ~*~*~tactically~*~*~ (stealth).
  3598 | D:4      | Killed a water moccasin
  3599 | D:4      | Reached skill level 8 in Axes
  3599 | D:4      | Reached XP level 6. HP: 39/52 MP: 5/5
  3751 | D:4      | 3751 ||| Stepping ~*~*~tactically~*~*~ (stealth).
  3805 | D:4      | Found an ornate altar of the Wu Jian Council.
  3853 | D:4      | Found an iron altar of Okawaru.
  3853 | D:4      | Found a hide-covered altar of Uskayaw.
  3854 | D:4      | Found a sparkling altar of Nemelex Xobeh.
  3857 | D:4      | Found an opulent altar of Gozag.
  3937 | D:4      | 3937 ||| Stepping ~*~*~tactically~*~*~ (stealth).
  3938 | D:4      | 3938 ||| Stepping ~*~*~tactically~*~*~ (stealth).
  3964 | D:4      | 3964 ||| Stepping ~*~*~tactically~*~*~ (stealth).
  4038 | D:4      | 4038 ||| Stepping ~*~*~tactically~*~*~ (stealth).
  4040 | D:4      | 4040 ||| INVOKING Berserk.
  4043 | D:4      | Reached skill level 9 in Axes
  4284 | D:4      | Reached XP level 7. HP: 49/61 MP: 6/6
  4349 | D:4      | 4349 ||| READING scroll labelled VELOLA GUAP.
  4349 | D:4      | Identified a scroll of acquirement
  4349 | D:4      | 4349 ||| ACQUIRING ring "Pepnex" {rPois rF- rN+ Will+
                  | Str+4}
  4349 | D:4      | Acquired the ring "Pepnex" {rPois rF- rN+ Will+ Str+4}
  4351 | D:4      | 4351 ||| UPGRADING to ring "Pepnex" {rPois rF- rN+ Will+
                  | Str+4}.
  4352 | D:4      | 4352 ||| READING scroll labelled BYCUGE QEEBUA.
  4388 | D:4      | 4388 ||| Stepping ~*~*~tactically~*~*~ (stealth).
  4389 | D:4      | 4389 ||| Stepping ~*~*~tactically~*~*~ (stealth).
  4390 | D:4      | 4390 ||| Stepping ~*~*~tactically~*~*~ (stealth).
  4397 | D:5      | Entered Level 5 of the Dungeon
  4398 | D:5      | 4398 ||| PLANNING OSSUARY
  4436 | D:5      | Reached skill level 3 in Armour
  4487 | D:5      | Noticed Ijyb
  4491 | D:5      | 4491 ||| INVOKING Berserk.
  4495 | D:5      | Killed Ijyb
  4636 | D:5      | 4636 ||| Stepping ~*~*~tactically~*~*~ (hiding).
  4638 | D:5      | Noticed Blork the orc
  4639 | D:5      | 4639 ||| Stepping ~*~*~tactically~*~*~ (hiding).
  4640 | D:5      | 4640 ||| Stepping ~*~*~tactically~*~*~ (hiding).
  4642 | D:5      | 4642 ||| INVOKING Berserk.
  4766 | D:5      | 4766 ||| INVOKING Berserk.
  4768 | D:5      | Killed Blork the orc
  4769 | D:5      | Reached skill level 10 in Axes
  4897 | D:5      | Noticed Menkaure
  4898 | D:5      | 4898 ||| Stepping ~*~*~tactically~*~*~ (hiding).
  4902 | D:5      | 4902 ||| INVOKING Berserk.
  4904 | D:5      | Killed Menkaure
  4909 | D:5      | Reached XP level 8. HP: 60/69 MP: 7/7
  4966 | D:5      | 4966 ||| RIP OSSUARY
  5032 | D:5      | 5032 ||| PLANNING D:1-11
  5048 | D:5      | 5048 ||| Stepping ~*~*~tactically~*~*~ (hiding).
  5049 | D:5      | 5049 ||| Stepping ~*~*~tactically~*~*~ (stealth).
  5050 | D:5      | 5050 ||| Stepping ~*~*~tactically~*~*~ (hiding).
  5058 | D:5      | 5058 ||| INVOKING Berserk.
  5060 | D:5      | Reached skill level 6 in Fighting
  5069 | D:5      | 5069 ||| Stepping ~*~*~tactically~*~*~ (stealth).
  5277 | D:5      | Noticed Pikel
  5277 | D:5      | 5277 ||| Stepping ~*~*~tactically~*~*~ (stealth).
  5284 | D:5      | 5284 ||| Stepping ~*~*~tactically~*~*~ (stealth).
  5302 | D:5      | 5302 ||| Stepping ~*~*~tactically~*~*~ (stealth).
  5339 | D:5      | Reached skill level 11 in Axes
  5350 | D:5      | Noticed Duvessa
  5350 | D:5      | Noticed Dowan
  5352 | D:5      | 5352 ||| INVOKING Berserk.
  5357 | D:5      | Killed Duvessa
  5362 | D:5      | Killed Dowan
  5390 | D:5      | 5390 ||| FLEEEEING.
  5393 | D:5      | 5393 ||| INVOKING Berserk.
  5400 | D:5      | Killed Pikel
  5401 | D:5      | Reached skill level 12 in Axes
  5676 | D:5      | Reached XP level 9. HP: 78/78 MP: 8/8
  5731 | D:5      | 5731 ||| UPGRADING to +0 plate armour.
  5741 | D:5      | 5741 ||| DROPPING +0 chain mail.
  5742 | D:5      | 5742 ||| READING scroll labelled MESOTU ODOSU.
  5743 | D:5      | 5743 ||| READING scroll labelled EJYMMA YNACH.
  5744 | D:5      | 5744 ||| DRINKING 4 metallic ruby potions.
  5760 | D:6      | 5760 ||| PLANNING SEWER
  5832 | D:6      | Found a glowing drain.
  5835 | D:6      | 5835 ||| READING scroll labelled CORPHA KOEBUT.
  5846 | Sewer    | Entered a sewer
  5887 | Sewer    | Reached **** piety under Trog
  5937 | Sewer    | 5937 ||| Stepping ~*~*~tactically~*~*~ (water).
  5951 | Sewer    | 5951 ||| Stepping ~*~*~tactically~*~*~ (water).
  5974 | Sewer    | 5974 ||| Stepping ~*~*~tactically~*~*~ (water).
  6022 | Sewer    | 6022 ||| Stepping ~*~*~tactically~*~*~ (water).
  6077 | Sewer    | 6077 ||| Stepping ~*~*~tactically~*~*~ (stealth).
  6079 | Sewer    | 6079 ||| Stepping ~*~*~tactically~*~*~ (stealth).
  6083 | Sewer    | 6083 ||| Stepping ~*~*~tactically~*~*~ (stealth).
  6158 | D:6      | 6158 ||| PLANNING D:1-11
  6217 | D:6      | 6217 ||| Stepping ~*~*~tactically~*~*~ (hiding).
  6218 | D:6      | 6218 ||| Stepping ~*~*~tactically~*~*~ (hiding).
  6338 | D:6      | Reached ***** piety under Trog
  6345 | D:6      | Found a shadowy altar of Dithmenos.
  6347 | D:6      | 6347 ||| INVOKING Berserk.
  6497 | D:6      | Identified the +9 short sword of the Jumping Dragonfly
                  | {chaos, *Corrode Int-2 Dex+9 SInv}
  6621 | D:6      | Reached skill level 13 in Axes
  6876 | D:6      | Found Uliptug's Neck Hole.
  6883 | D:6      | 6883 ||| Stepping ~*~*~tactically~*~*~ (stealth).
  6894 | D:6      | 6894 ||| BUYING +1 cloak of poison resistance (202 gold).
  6894 | D:6      | Bought a +1 cloak of poison resistance for 202 gold pieces
  6894 | D:6      | 6894 ||| SHOPLISTING +2 cloak (247 gold, have 203).
  6894 | D:6      | 6894 ||| SHOPLISTING amulet of guardian spirit (450 gold,
                  | have 203).
  6894 | D:6      | 6894 ||| BUYING scarf of repulsion (180 gold).
  6894 | D:6      | Bought a scarf of repulsion for 180 gold pieces
  6909 | D:6      | 6909 ||| Stepping ~*~*~tactically~*~*~ (hiding).
  6910 | D:6      | 6910 ||| INVOKING Berserk.
  7057 | D:6      | Found a large runed translucent door.
  7058 | D:6      | Found a large runed translucent door.
  7068 | D:6      | Found a shimmering altar of Xom.
  7073 | D:6      | 7073 ||| UPGRADING to +0 pair of boots.
  7078 | D:6      | 7078 ||| UPGRADING to +1 cloak of poison resistance.
  7083 | D:6      | 7083 ||| UPGRADING to scarf of repulsion.
  7093 | D:6      | 7093 ||| DRINKING 2 amethyst potions.
  7094 | D:6      | 7094 ||| DROPPING potion of invisibility.
  7095 | D:6      | 7095 ||| READING 3 scrolls of teleportation.
  7097 | D:6      | Found a broken altar of Ashenzari.
  7129 | D:6      | Noticed qw's ghost (amateur GrFi)
  7130 | D:6      | Found a runed translucent gate.
  7131 | D:6      | Found a runed translucent gate.
  7133 | D:6      | Found a runed translucent gate.
  7195 | D:6      | 7195 ||| Stepping ~*~*~tactically~*~*~ (stealth).
  7211 | D:6      | 7211 ||| Stepping ~*~*~tactically~*~*~ (stealth).
  7265 | D:6      | 7265 ||| READING 2 scrolls of teleportation.
  7341 | D:6      | 7341 ||| READING scroll of teleportation.
  7444 | D:6      | 7444 ||| Stepping randomly (stuck).
  7445 | D:6      | 7445 ||| Stepping randomly (stuck).
  7446 | D:6      | 7446 ||| Stepping randomly (stuck).
  7447 | D:6      | 7447 ||| Stepping randomly (stuck).
  7448 | D:6      | 7448 ||| Stepping randomly (stuck).
  7449 | D:6      | 7449 ||| Stepping randomly (stuck).
  7450 | D:6      | 7450 ||| Stepping randomly (stuck).
  7451 | D:6      | 7451 ||| Stepping randomly (stuck).
  7453 | D:6      | 7453 ||| Stepping randomly (stuck).
  7455 | D:6      | 7455 ||| Stepping randomly (stuck).
  7456 | D:6      | 7456 ||| Stepping randomly (stuck).
  7457 | D:6      | 7457 ||| Stepping randomly (stuck).
  7458 | D:6      | 7458 ||| Stepping randomly (stuck).
  7459 | D:6      | 7459 ||| Stepping randomly (stuck).
  7460 | D:6      | 7460 ||| Stepping randomly (stuck).
  7461 | D:6      | 7461 ||| Stepping randomly (stuck).
  7462 | D:6      | 7462 ||| Stepping randomly (stuck).
  7463 | D:6      | 7463 ||| Stepping randomly (stuck).
  7465 | D:6      | 7465 ||| Stepping randomly (stuck).
  7467 | D:6      | 7467 ||| Stepping randomly (stuck).
  7468 | D:6      | 7468 ||| Stepping randomly (stuck).
  7469 | D:6      | 7469 ||| Stepping randomly (stuck).
  7470 | D:6      | 7470 ||| Stepping randomly (stuck).
  7471 | D:6      | 7471 ||| Stepping randomly (stuck).
  7472 | D:6      | 7472 ||| Stepping randomly (stuck).
  7473 | D:6      | 7473 ||| Stepping randomly (stuck).
  7474 | D:6      | 7474 ||| Stepping randomly (stuck).
  7475 | D:6      | 7475 ||| Stepping randomly (stuck).
  7476 | D:6      | 7476 ||| Stepping randomly (stuck).
  7477 | D:6      | 7477 ||| Stepping randomly (stuck).
  7478 | D:6      | 7478 ||| Stepping randomly (stuck).
  7479 | D:6      | 7479 ||| Stepping randomly (stuck).
  7502 | D:6      | 7502 ||| Stepping ~*~*~tactically~*~*~ (hiding).
  7510 | D:6      | 7510 ||| INVOKING Berserk.
  7513 | D:6      | Reached skill level 6 in Armour
  7559 | D:6      | Noticed Edmund
  7560 | D:6      | 7560 ||| Stepping ~*~*~tactically~*~*~ (stealth).
  7563 | D:6      | 7563 ||| Stepping ~*~*~tactically~*~*~ (stealth).
  7564 | D:6      | 7564 ||| Stepping ~*~*~tactically~*~*~ (stealth).
  7566 | D:6      | 7566 ||| INVOKING Berserk.
  7568 | D:6      | Killed Edmund
  7733 | D:7      | Received a gift from Trog
  7735 | D:7      | 7735 ||| SWAPPING to +0 antimagic war axe.
  7736 | D:7      | 7736 ||| DROPPING +0 hand axe.
  7920 | D:7      | 7920 ||| INVOKING Berserk.
  8088 | D:7      | Found a runed translucent gate.
  8088 | D:7      | Found a runed translucent gate.
  8088 | D:7      | Found a runed translucent gate.
  8196 | D:7      | Found a staircase to the Ecumenical Temple.
  8301 | D:7      | 8301 ||| INVOKING Berserk.
  8894 | D:7      | 8894 ||| DROPPING ring of ice.
  8894 | D:7      | Noticed qw's ghost (novice MiBe)
  8895 | D:7      | 8895 ||| DROPPING +6 ring of dexterity.
  8896 | D:7      | 8896 ||| DROPPING +4 ring of evasion.
  8897 | D:7      | 8897 ||| DROPPING ring of resist corrosion.
  8898 | D:7      | 8898 ||| READING 3 scrolls of identify.
  8898 | D:7      | 8898 ||| IDENTIFYING lumpy grey potion
  8899 | D:7      | 8899 ||| READING 2 scrolls of identify.
  8899 | D:7      | 8899 ||| IDENTIFYING inky potion
  8900 | D:7      | 8900 ||| DROPPING potion of lignification.
  8946 | D:8      | Reached skill level 14 in Axes
  8966 | D:8      | 8966 ||| Stepping ~*~*~tactically~*~*~ (hiding).
  9000 | D:8      | 9000 ||| Stepping randomly (cloudy).
  9001 | D:8      | 9001 ||| INVOKING Berserk.
  9007 | D:8      | Reached XP level 10. HP: 88/88 MP: 3/9
  9013 | D:8      | Reached skill level 3 in Dodging
  9239 | D:8      | Noticed a two-headed ogre
  9240 | D:8      | 9240 ||| Stepping ~*~*~tactically~*~*~ (stealth).
  9243 | D:8      | 9243 ||| INVOKING Berserk.
  9246 | D:8      | Killed a two-headed ogre
  9415 | D:8      | 9415 ||| Stepping ~*~*~tactically~*~*~ (hiding).
  9416 | D:8      | 9416 ||| Stepping ~*~*~tactically~*~*~ (stealth).
  9424 | D:8      | Reached skill level 15 in Axes
  9486 | D:8      | Noticed a two-headed ogre
  9490 | D:8      | 9490 ||| INVOKING Berserk.
  9494 | D:8      | Killed a two-headed ogre
  9495 | D:8      | Reached skill level 9 in Fighting
  9498 | D:8      | Noticed a gargoyle
  9548 | D:8      | 9548 ||| READING 2 scrolls of identify.
  9548 | D:8      | 9548 ||| IDENTIFYING yellow potion
  9553 | D:8      | 9553 ||| Stepping ~*~*~tactically~*~*~ (hiding).
  9556 | D:8      | Killed a gargoyle
  9557 | D:8      | 9557 ||| Stepping ~*~*~tactically~*~*~ (hiding).
  9559 | D:8      | 9559 ||| Stepping ~*~*~tactically~*~*~ (hiding).
  9569 | D:8      | 9569 ||| INVOKING Berserk.
  9690 | D:8      | 9690 ||| DROPPING +0 flail.
  9846 | D:8      | 9846 ||| DROPPING potion of berserk rage.
  9866 | D:9      | 9866 ||| STAIRDANCE
  9871 | D:9      | 9871 ||| STAIRDANCE
  9875 | D:8      | Reached skill level 16 in Axes
  9923 | D:9      | 9923 ||| STAIRDANCE
  9992 | D:9      | Found Ejohoirgh's Weapon Shop.
  9999 | D:9      | 9999 ||| Stepping ~*~*~tactically~*~*~ (stealth).
 10000 | D:9      | 10000 ||| Stepping ~*~*~tactically~*~*~ (stealth).
 10001 | D:9      | 10001 ||| Stepping ~*~*~tactically~*~*~ (stealth).
 10034 | D:9      | 10034 ||| Stepping ~*~*~tactically~*~*~ (hiding).
 10035 | D:9      | 10035 ||| Stepping ~*~*~tactically~*~*~ (hiding).
 10073 | D:9      | Found a staircase to the Orcish Mines.
 10116 | D:9      | 10116 ||| FLEEEEING.
 10117 | D:9      | 10117 ||| FLEEEEING.
 10118 | D:9      | 10118 ||| FLEEEEING.
 10119 | D:9      | 10119 ||| FLEEEEING.
 10120 | D:9      | 10120 ||| FLEEEEING.
 10160 | D:9      | 10160 ||| Stepping ~*~*~tactically~*~*~ (stealth).
 10162 | D:9      | 10162 ||| FLEEEEING.
 10163 | D:9      | 10163 ||| FLEEEEING.
 10171 | D:9      | 10171 ||| Stepping ~*~*~tactically~*~*~ (hiding).
 10230 | D:9      | 10230 ||| Stepping ~*~*~tactically~*~*~ (stealth).
 10231 | D:9      | 10231 ||| Stepping ~*~*~tactically~*~*~ (stealth).
 10241 | D:9      | 10241 ||| Stepping ~*~*~tactically~*~*~ (stealth).
 10241 | D:9      | Found a staircase to the Lair.
 10244 | D:9      | 10244 ||| INVOKING Berserk.
 10273 | D:9      | 10273 ||| Stepping ~*~*~tactically~*~*~ (stealth).
 10274 | D:9      | 10274 ||| Stepping ~*~*~tactically~*~*~ (stealth).
 10475 | D:9      | 10475 ||| Stepping ~*~*~tactically~*~*~ (stealth).
 10477 | D:9      | 10477 ||| Stepping ~*~*~tactically~*~*~ (hiding).
 10485 | D:9      | 10485 ||| Stepping ~*~*~tactically~*~*~ (hiding).
 10488 | D:9      | 10488 ||| Stepping ~*~*~tactically~*~*~ (hiding).
 10531 | D:9      | 10531 ||| DROPPING +2 flail of holy wrath.
 10788 | D:9      | 10788 ||| PLANNING LAIR
 10827 | Lair:1   | Entered Level 1 of the Lair of Beasts
 10837 | Lair:1   | Reached XP level 11. HP: 87/99 MP: 3/10
 10902 | Lair:1   | 10902 ||| Stepping ~*~*~tactically~*~*~ (stealth).
 10905 | Lair:1   | 10905 ||| Stepping ~*~*~tactically~*~*~ (hiding).
 10983 | Lair:1   | 10983 ||| INVOKING Berserk.
 11143 | Lair:1   | Reached skill level 9 in Armour
 11200 | Lair:1   | Found a dark tunnel.
 11553 | Lair:1   | 11553 ||| Stepping ~*~*~tactically~*~*~ (stealth).
 11566 | Lair:1   | 11566 ||| INVOKING Berserk.
 11965 | Lair:1   | 11965 ||| DRINKING 2 lumpy orange potions.
 11966 | Lair:1   | 11966 ||| DROPPING potion of magic.
 11984 | Lair:2   | 11984 ||| PLANNING GAUNTLET
 11987 | Lair:2   | 11987 ||| STAIRDANCE
 12022 | Lair:2   | 12022 ||| STAIRDANCE
 12042 | Lair:2   | 12042 ||| STAIRDANCE
 12099 | Lair:2   | 12099 ||| INVOKING Berserk.
 12280 | Lair:2   | 12280 ||| Stepping ~*~*~tactically~*~*~ (stealth).
 12282 | Lair:2   | 12282 ||| Stepping ~*~*~tactically~*~*~ (stealth).
 12306 | Lair:2   | 12306 ||| INVOKING Berserk.
 12501 | Lair:2   | 12501 ||| RIP GAUNTLET
 12509 | Lair:2   | Noticed an eight-headed hydra
 12510 | Lair:2   | 12510 ||| PLANNING LAIR
 12510 | Lair:2   | 12510 ||| INVOKING Brothers in Arms.
 12512 | Lair:2   | 12512 ||| SWAPPING to +0 flail of protection.
 12513 | Lair:2   | 12513 ||| SWAPPING to +0 antimagic war axe.
 12514 | Lair:2   | 12514 ||| INVOKING Brothers in Arms.
 12515 | Lair:2   | 12515 ||| INVOKING Brothers in Arms.
 12516 | Lair:2   | 12516 ||| INVOKING Brothers in Arms.
 12517 | Lair:2   | 12517 ||| INVOKING Brothers in Arms.
 12518 | Lair:2   | 12518 ||| SWAPPING to +0 flail of protection.
 12519 | Lair:2   | 12519 ||| INVOKING Berserk.
 12520 | Lair:2   | Killed an eight-headed hydra
 12521 | Lair:2   | Reached skill level 12 in Fighting
 12565 | Lair:2   | 12565 ||| SWAPPING to +0 antimagic war axe.
 12656 | Lair:2   | 12656 ||| Stepping ~*~*~tactically~*~*~ (stealth).
 12660 | Lair:2   | 12660 ||| Stepping ~*~*~tactically~*~*~ (hiding).
 12667 | Lair:2   | 12667 ||| INVOKING Berserk.
 12701 | Lair:2   | 12701 ||| FLEEEEING.
 12702 | Lair:2   | 12702 ||| FLEEEEING.
 12705 | Lair:2   | 12705 ||| FLEEEEING.
 12706 | Lair:2   | 12706 ||| STAIRDANCE
 12819 | Lair:1   | 12819 ||| DROPPING ring of flight.
 12836 | Lair:2   | 12836 ||| Stepping ~*~*~tactically~*~*~ (stealth).
 12840 | Lair:2   | 12840 ||| Stepping ~*~*~tactically~*~*~ (stealth).
 12868 | Lair:2   | Found a staircase to the Shoals.
 12984 | Lair:2   | Noticed a four-headed hydra
 12985 | Lair:2   | 12985 ||| INVOKING Brothers in Arms.
 12988 | Lair:2   | 12988 ||| SWAPPING to +0 flail of protection.
 12989 | Lair:2   | 12989 ||| INVOKING Berserk.
 12991 | Lair:2   | Killed a four-headed hydra
 12992 | Lair:2   | Reached XP level 12. HP: 115/115 MP: 3/11
 13008 | Lair:2   | 13008 ||| SWAPPING to +0 antimagic war axe.
 13268 | Lair:2   | Found a hole to the Spider Nest.
 13776 | Lair:2   | 13776 ||| Stepping ~*~*~tactically~*~*~ (stealth).
 13882 | Lair:2   | 13882 ||| READING 6 scrolls of identify.
 13882 | Lair:2   | 13882 ||| IDENTIFYING coppery potion
 13883 | Lair:2   | 13883 ||| DROPPING potion of brilliance.
 13936 | Lair:3   | 13936 ||| Stepping ~*~*~tactically~*~*~ (stealth).
 13942 | Lair:3   | 13942 ||| Stepping ~*~*~tactically~*~*~ (stealth).
 13977 | Lair:3   | 13977 ||| INVOKING Berserk.
 14003 | Lair:3   | 14003 ||| Stepping ~*~*~tactically~*~*~ (stealth).
 14248 | Lair:3   | 14248 ||| Stepping ~*~*~tactically~*~*~ (stealth).
 14306 | Lair:3   | 14306 ||| Stepping ~*~*~tactically~*~*~ (stealth).
 14310 | Lair:3   | 14310 ||| Stepping ~*~*~tactically~*~*~ (stealth).
 14390 | Lair:3   | Noticed a seven-headed hydra
 14391 | Lair:3   | 14391 ||| INVOKING Brothers in Arms.
 14393 | Lair:3   | 14393 ||| SWAPPING to +0 flail of protection.
 14394 | Lair:3   | 14394 ||| INVOKING Brothers in Arms.
 14395 | Lair:3   | 14395 ||| INVOKING Brothers in Arms.
 14396 | Lair:3   | 14396 ||| INVOKING Brothers in Arms.
 14397 | Lair:3   | 14397 ||| INVOKING Berserk.
 14400 | Lair:3   | Killed a seven-headed hydra
 14401 | Lair:3   | Reached skill level 12 in Armour
 14443 | Lair:3   | 14443 ||| SWAPPING to +0 antimagic war axe.
 14506 | Lair:3   | 14506 ||| FLEEEEING.
 14587 | Lair:3   | Reached skill level 6 in Dodging
 14597 | Lair:3   | Noticed Urug
 14598 | Lair:3   | 14598 ||| FLEEEEING.
 14600 | Lair:3   | 14600 ||| FLEEEEING.
 14601 | Lair:3   | 14601 ||| FLEEEEING.
 14602 | Lair:3   | 14602 ||| FLEEEEING.
 14604 | Lair:3   | 14604 ||| FLEEEEING.
 14605 | Lair:3   | 14605 ||| FLEEEEING.
 14606 | Lair:3   | 14606 ||| FLEEEEING.
 14607 | Lair:3   | 14607 ||| FLEEEEING.
 14609 | Lair:3   | 14609 ||| FLEEEEING.
 14610 | Lair:3   | 14610 ||| FLEEEEING.
 14611 | Lair:3   | 14611 ||| FLEEEEING.
 14612 | Lair:3   | 14612 ||| FLEEEEING.
 14613 | Lair:3   | 14613 ||| FLEEEEING.
 14614 | Lair:3   | 14614 ||| FLEEEEING.
 14615 | Lair:3   | 14615 ||| FLEEEEING.
 14616 | Lair:3   | 14616 ||| FLEEEEING.
 14617 | Lair:3   | 14617 ||| FLEEEEING.
 14618 | Lair:3   | 14618 ||| FLEEEEING.
 14619 | Lair:3   | 14619 ||| FLEEEEING.
 14620 | Lair:3   | 14620 ||| FLEEEEING.
 14621 | Lair:3   | 14621 ||| FLEEEEING.
 14622 | Lair:3   | 14622 ||| FLEEEEING.
 14623 | Lair:3   | 14623 ||| FLEEEEING.
 14624 | Lair:3   | 14624 ||| FLEEEEING.
 14625 | Lair:3   | 14625 ||| FLEEEEING.
 14630 | Lair:3   | 14630 ||| FLEEEEING.
 14631 | Lair:3   | 14631 ||| FLEEEEING.
 14632 | Lair:3   | 14632 ||| FLEEEEING.
 14633 | Lair:3   | 14633 ||| FLEEEEING.
 14634 | Lair:3   | 14634 ||| FLEEEEING.
 14635 | Lair:3   | 14635 ||| FLEEEEING.
 14637 | Lair:3   | 14637 ||| STAIRDANCE
 14703 | Lair:3   | 14703 ||| STAIRDANCE
 14786 | Lair:3   | 14786 ||| INVOKING Berserk.
 14789 | Lair:3   | Killed Urug
 14794 | Lair:3   | 14794 ||| STAIRDANCE
 14900 | Lair:3   | 14900 ||| SWAPPING to +2 broad axe.
 14901 | Lair:3   | 14901 ||| DROPPING +0 antimagic war axe.
 14980 | Lair:3   | 14980 ||| Stepping ~*~*~tactically~*~*~ (stealth).
 14986 | Lair:3   | 14986 ||| Stepping ~*~*~tactically~*~*~ (stealth).
 14995 | Lair:3   | Reached skill level 3 in Throwing
 15300 | Lair:3   | 15300 ||| Stepping ~*~*~tactically~*~*~ (stealth).
 15303 | Lair:3   | 15303 ||| INVOKING Berserk.
 15330 | Lair:3   | Reached skill level 17 in Axes
 15338 | Lair:3   | 15338 ||| Stepping ~*~*~tactically~*~*~ (stealth).
 15340 | Lair:3   | 15340 ||| FLEEEEING.
 15341 | Lair:3   | 15341 ||| FLEEEEING.
 15342 | Lair:3   | 15342 ||| FLEEEEING.
 15343 | Lair:3   | 15343 ||| FLEEEEING.
 15344 | Lair:3   | 15344 ||| STAIRDANCE
 15434 | Lair:2   | 15434 ||| READING scroll labelled SEWUNU SAEMPEV.
 15437 | Lair:3   | 15437 ||| STAIRDANCE
 15439 | Lair:2   | 15439 ||| INVOKING Berserk.
 15560 | Lair:3   | 15560 ||| INVOKING Berserk.
 15654 | Lair:3   | 15654 ||| Stepping ~*~*~tactically~*~*~ (stealth).
 15655 | Lair:3   | 15655 ||| Stepping ~*~*~tactically~*~*~ (stealth).
 15658 | Lair:3   | 15658 ||| Stepping ~*~*~tactically~*~*~ (stealth).
 15673 | Lair:3   | 15673 ||| STAIRDANCE
 16010 | Lair:3   | Noticed Fannar
 16023 | Lair:3   | Killed Fannar
 16024 | Lair:3   | Reached XP level 13. HP: 114/124 MP: 12/12
 16290 | Lair:3   | 16290 ||| READING scroll labelled UCLIAL VOFE.
 16291 | Lair:3   | 16291 ||| READING 6 scrolls of identify.
 16291 | Lair:3   | 16291 ||| IDENTIFYING smoky cyan potion
 16481 | Lair:4   | 16481 ||| INVOKING Berserk.
 16671 | Lair:4   | Reached skill level 18 in Axes
 16749 | Lair:4   | Found a runed translucent door.
 16750 | Lair:4   | Noticed qw's ghost (journeyman MiFi)
 16971 | Lair:4   | 16971 ||| FLEEEEING.
 16972 | Lair:4   | 16972 ||| FLEEEEING.
 16973 | Lair:4   | 16973 ||| FLEEEEING.
 16974 | Lair:4   | 16974 ||| FLEEEEING.
 16975 | Lair:4   | 16975 ||| FLEEEEING.
 16976 | Lair:4   | 16976 ||| FLEEEEING.
 16977 | Lair:4   | 16977 ||| FLEEEEING.
 16978 | Lair:4   | 16978 ||| FLEEEEING.
 16979 | Lair:4   | 16979 ||| FLEEEEING.
 16980 | Lair:4   | 16980 ||| FLEEEEING.
 16981 | Lair:4   | 16981 ||| STAIRDANCE
 17083 | Lair:3   | 17083 ||| DROPPING ring of positive energy.
 17084 | Lair:3   | 17084 ||| READING scroll labelled XAOBETT JYORA.
 17087 | Lair:4   | 17087 ||| STAIRDANCE
 17141 | Lair:4   | 17141 ||| STAIRDANCE
 17143 | Lair:3   | 17143 ||| INVOKING Berserk.
 17208 | Lair:4   | 17208 ||| STAIRDANCE
 17210 | Lair:3   | 17210 ||| INVOKING Berserk.
 17523 | Lair:4   | Found a viscous altar of Jiyva.
 17524 | Lair:4   | Found a staircase to the Slime Pits.
 17628 | Lair:4   | Found a runed translucent door.
 17692 | Lair:5   | Entered Level 5 of the Lair of Beasts
 17814 | Lair:5   | 17814 ||| Stepping ~*~*~tactically~*~*~ (stealth).
 17820 | Lair:5   | 17820 ||| Stepping ~*~*~tactically~*~*~ (stealth).
 17824 | Lair:5   | Reached skill level 6 in Throwing
 17859 | Lair:5   | 17859 ||| Stepping ~*~*~tactically~*~*~ (stealth).
 17861 | Lair:5   | 17861 ||| Stepping ~*~*~tactically~*~*~ (stealth).
 17879 | Lair:5   | Reached skill level 15 in Fighting
 18070 | Lair:5   | 18070 ||| INVOKING Brothers in Arms.
 18071 | Lair:5   | 18071 ||| INVOKING Brothers in Arms.
 18072 | Lair:5   | 18072 ||| INVOKING Brothers in Arms.
 18073 | Lair:5   | 18073 ||| INVOKING Brothers in Arms.
 18074 | Lair:5   | 18074 ||| INVOKING Brothers in Arms.
 18075 | Lair:5   | 18075 ||| SWAPPING to +0 flail of protection.
 18076 | Lair:5   | 18076 ||| INVOKING Berserk.
 18095 | Lair:5   | 18095 ||| SWAPPING to +3 broad axe.
 18109 | Lair:5   | 18109 ||| FLEEEEING.
 18281 | Lair:5   | 18281 ||| FLEEEEING.
 18347 | Lair:5   | 18347 ||| Stepping ~*~*~tactically~*~*~ (stealth).
 18351 | Lair:5   | 18351 ||| Stepping ~*~*~tactically~*~*~ (stealth).
 18352 | Lair:5   | 18352 ||| Stepping ~*~*~tactically~*~*~ (stealth).
 18361 | Lair:5   | 18361 ||| Stepping ~*~*~tactically~*~*~ (stealth).
 18363 | Lair:5   | 18363 ||| Stepping ~*~*~tactically~*~*~ (stealth).
 18364 | Lair:5   | 18364 ||| Stepping ~*~*~tactically~*~*~ (stealth).
 18366 | Lair:5   | 18366 ||| Stepping ~*~*~tactically~*~*~ (stealth).
 18618 | Lair:5   | Found a runed translucent door.
 18759 | Lair:5   | 18759 ||| INVOKING Berserk.
 18935 | Lair:5   | 18935 ||| Stepping ~*~*~tactically~*~*~ (stealth).
 18938 | Lair:5   | 18938 ||| Stepping ~*~*~tactically~*~*~ (stealth).
 19144 | Lair:5   | 19144 ||| Stepping ~*~*~tactically~*~*~ (stealth).
 19149 | Lair:5   | 19149 ||| Stepping ~*~*~tactically~*~*~ (stealth).
 19150 | Lair:5   | 19150 ||| Stepping ~*~*~tactically~*~*~ (stealth).
 19164 | Lair:5   | 19164 ||| Stepping ~*~*~tactically~*~*~ (stealth).
 19201 | Lair:5   | 19201 ||| Stepping ~*~*~tactically~*~*~ (cloud).
 19203 | Lair:5   | 19203 ||| INVOKING Berserk.
 19228 | Lair:5   | HP: 23/128 [death yak (10)]
 19229 | Lair:5   | HP: 10/128 [death yak (4)]
 19229 | Lair:5   | HP: 1/128 [death yak (9)]
 19231 | Lair:5   | Slain by a death yak

Levels and vault maps discovered:
D:1:      tarquinn_simple_flora_water_c, layout_loops_cross,
          nicolae_ecumenical_snake_handling
D:2:      layout_rooms, kennysheep_generic_room_5, uniq_terence
D:3:      kennysheep_slugbush, layout_rooms, zin_academy, serial_shops,
          nicolae_shop_advertising_works [nicolae_subvault_shop_adworks],
          ebering_ghost_rock_garden, st_stairs_7, minmay_hedge_maze,
          minmay_misc_feat_chi, nicolae_elevator_lobby_plus
D:4:      layout_loops_ring, minitemple, uniq_robin
D:5:      layout_basic, gup_ossuary_entry_pyramid, uniq_menkaure, uniq_duvessa,
          uniq_ijyb, uniq_blork_the_orc, uniq_pikel
D:6:      due_chaos_kobolds, layout_loops_ring, nicolae_dithmenos_the_darkroom,
          nicolae_ashenzari_skybound, portal_sewer_entry_f, serial_rivers,
          chequers_serial_rivers_room_a, chequers_serial_rivers_micro_a,
          chequers_serial_rivers_small_b, chequers_serial_rivers_micro_e,
          chequers_serial_rivers_micro_e, chequers_serial_rivers_small_a,
          gammafunk_ghost_nasty_kobolds, nrook_uturn,
          nicolae_shop_sticking_my_neck_out, uniq_edmund
D:7:      layout_cave_pods, minmay_temple_entry_drinking_statues,
          gammafunk_ghost_icy
D:8:      minmay_clustersquares, layout_basic
D:9:      layout_small_grid, erik_lair_orcish_takeover, orc_0_dummy,
          serial_shops, nicolae_shop_bloodbath_and_beyond
Lair:1:   layout_regular_city, enter_volcano_3, st_stairs_12,
          cheibrodos_lair_reptile_den, infiniplex_staircase_pool_2,
          serial_bayou_shore_a
Lair:2:   layout_roguey, minmay_shoals_entry_centaurs,
          hellmonk_spider_entry_life_and_decay, gauntlet_entry_generic,
          grunt_forest_large_clearings
Lair:3:   layout_loops_ring, minivault_27, uniq_fannar, uniq_urug
Lair:4:   gammafunk_indiana_jones, layout_regular_city, slime_entry_1,
          ebering_ghost_inner_flame, grunt_megastairs_2
Lair:5:   grunt_lair_end_beastmaster, layout_layer_cave,
          ebering_ghost_reflecting_pool, serial_forest,
          infiniplex_forest_corner_1, infiniplex_forest_lined_room_3,
          infiniplex_forest_clump_long, infiniplex_forest_lined_ring,
          serial_bayou_shore_b

Skill      XL: |  1  2  3  4  5  6  7  8  9 10 11 12 13 |
---------------+----------------------------------------+-----
Axes           | 4 5 6 7 8 9 10 12 14 16 17 18 | 18.0
Fighting       | 4 5 6 8 9 13 14 16 | 16.1
Armour         | 3 7 8 10 12 13 | 13.0
Throwing       | 2 4 7 |  7.0
Dodging        | 3 5 6 7 |  7.2

Action                   |  1- 3 |  4- 6 |  7- 9 | 10-12 | 13-15 || total
-------------------------+-------+-------+-------+-------+-------++-------
Melee: Hand axe          |    62 |   120 |   167 |       |       ||   349
       Headbutt          |     9 |    15 |    29 |    95 |    55 ||   203
       Punch             |     1 |       |     1 |     5 |     2 ||     9
       War axe           |       |       |    36 |   313 |       ||   349
       Flail             |       |       |       |    12 |     2 ||    14
       Broad axe         |       |       |       |    98 |   178 ||   276
Throw: Boomerang         |       |    25 |    96 |    46 |       ||   167
       Javelin           |       |       |       |    15 |    46 ||    61
Invok: Berserk           |     2 |     5 |    14 |    17 |     6 ||    44
       Brothers in Arms  |       |       |       |     5 |     1 ||     6
  Use: Scroll            |     3 |     3 |    10 |     3 |     3 ||    22
       Potion            |     1 |     3 |     2 |     1 |       ||     7
 Stab: Distracted        |       |       |       |     1 |       ||     1
       Petrified         |       |       |       |       |     2 ||     2
Armor: Animal skin       |     4 |       |       |       |       ||     4
       Chain mail        |     9 |    82 |    12 |       |       ||   103
       Plate armour      |       |       |    56 |   218 |   109 ||   383
Dodge: Dodged            |    18 |    64 |    50 |   179 |    74 ||   385
       Repelled          |       |       |       |     4 |       ||     4

Table legend:
 A = Non-vault XP
 B = Vault XP
 C = Vault XP percentage of total XP
 D = Non-vault monster count
 E = Vault monster count
 F = Vault count percentage of total count
                 A         B        C        D         E       F
            +---------+---------+-------+---------+---------+-------
      Total |   44838 |   19253 |  30.0 |     325 |     167 |  33.9
            +---------+---------+-------+---------+---------+-------
        D:1 |      23 |       4 |  14.8 |      14 |       3 |  17.6
        D:2 |      48 |      40 |  45.5 |      19 |       2 |   9.5
        D:3 |     158 |      71 |  31.0 |      23 |      19 |  45.2
        D:4 |     396 |       2 |   0.5 |      29 |       1 |   3.3
        D:5 |     970 |    1086 |  52.8 |      18 |       7 |  28.0
        D:6 |    1044 |     170 |  14.0 |      34 |       5 |  12.8
        D:7 |     592 |       0 |   0.0 |       7 |       0 |   0.0
        D:8 |    2648 |    2338 |  46.9 |      41 |      14 |  25.5
        D:9 |     433 |     588 |  57.6 |      14 |       8 |  36.4
     Lair:1 |    1995 |    1740 |  46.6 |       8 |      11 |  57.9
     Lair:2 |    5882 |    5120 |  46.5 |      25 |      35 |  58.3
     Lair:3 |   13741 |    1686 |  10.9 |      46 |       2 |   4.2
     Lair:4 |    2001 |     605 |  23.2 |       8 |       2 |  20.0
     Lair:5 |   14907 |    5515 |  27.0 |      39 |      14 |  26.4
      Sewer |       0 |     288 | 100.0 |       0 |      44 | 100.0
            +---------+---------+-------+---------+---------+-------
